 Dungeon Crawl Stone Soup version 0.30.1-4-g462c640d31 (webtiles) character file.

Game seed: 11649676984116266728

6309 Wiggles the Executioner (level 10, -2/77 HPs)
             Began as a Minotaur Berserker on Aug 18, 2023.
             Was a High Priest of Trog.
             Killed from afar by an electric eel (10 damage)
             ... with a bolt of electricity
             ... on level 10 of the Dungeon.
             The game lasted 00:19:01 (10882 turns).

Wiggles the Executioner (Minotaur Berserker)       Turns: 10882, Time: 00:19:02

Health: -2/77      AC: 16    Str: 34    XL:     10   Next: 64%
Magic:  18/18      EV:  8    Int:  4    God:    Trog [*****.]
Gold:   143        SH:  5    Dex: 14    Spells: 9/9 levels left

rFire   . . .        k - +1 battleaxe (drain)
rCold   . . .        (shield currently unavailable)
rNeg    . . .        L - +1 plate armour
rPois   .            (helmet restricted)
rElec   .            s - +0 cloak
rCorr   .            e - +2 pair of gloves
SInv    +            (no boots)
Will    .....        q - amulet "Ciwnyixtau" {Reflect Str+3 SH+5} Stlth
                     C - +6 ring of strength
HPRegen 0.32/turn    c - ring of Noon {MP+9 Dex+3 Slay+4 SInv}
MPRegen 0.16/turn

%: reflection
@: studying Axes
A: horns 2, retaliatory headbutt
a: Renounce Religion, Berserk, Trog's Hand, Brothers in Arms


You were on level 10 of the Dungeon.
You worshipped Trog.
Trog was extremely pleased with you.
You visited 3 branches of the dungeon, and saw 12 of its levels.
You also visited: Sewer.

You collected 543 gold pieces.
You spent 400 gold pieces at shops.

Inventory:

Hand Weapons
 k - a +1 battleaxe of draining (weapon)
Missiles
 d - a throwing net (quivered)
Armour
 e - a +2 pair of gloves (worn)
 s - a +0 cloak (worn)
 L - a +1 plate armour (worn)
Jewellery
 c - the ring of Noon (right hand) {MP+9 Dex+3 Slay+4 SInv}
   (You acquired it on level 7 of the Dungeon)

   [ring of slaying]

   Dex:       It affects your dexterity (+3).
   Slay:      It affects your accuracy & damage with ranged weapons and melee
   (+4).
   MP:        It affects your magic capacity (+9).
   SInv:      It lets you see invisible.
 g - a ring of flight
 i - a ring of see invisible
 q - the amulet "Ciwnyixtau" (around neck) {Reflect Str+3 SH+5}
   (You acquired it on level 7 of the Dungeon)

   [amulet of reflection]

   It reflects blocked missile attacks.
   Str:       It affects your strength (+3).
   SH:        It affects your SH (+5).
 C - a +6 ring of strength (left hand)
Wands
 u - a wand of polymorph (5)
 I - a wand of quicksilver (20)
 J - a wand of digging (7)
 K - a wand of roots (8)
Scrolls
 a - 2 scrolls of identify
 b - 2 scrolls of teleportation
 f - a scroll of fear
 l - a scroll of magic mapping
 p - a scroll of blinking
 r - 3 scrolls of fog
Potions
 h - 3 potions of degeneration
 j - 5 potions of curing
 m - a potion of invisibility
 n - 5 potions of haste
 o - 2 potions of magic
 t - a potion of might
 w - a potion of mutation
 B - 3 potions of attraction
 E - 8 potions of heal wounds
 F - a potion of experience
 G - 2 potions of cancellation
 H - 2 potions of resistance


   Skills:
 - Level 3.6 Fighting
 + Level 21.4 Axes
 - Level 2.4 Armour
 - Level 2.1 Dodging
 - Level 0.6 Stealth
 - Level 1.3 Shields


You had 9 spell levels left.
You didn't know any spells.
Your spell library was empty.

Dungeon Overview and Level Annotations

Branches:
Dungeon (10/15)            Temple (1/1) D:5            Lair (0/5) D:10
    Orc (1/2) D:9           Sewer (visited)

Altars:
Cheibriados
Dithmenos
Elyvilon
Fedhas
Kikubaaqudgha
Makhleb
Ru
Trog
Uskayaw
Xom
Yredelemnul
Zin

Shops:
D:3 *   D:5 [   D:8 =!

Annotations:
D:6 2 transporters, Logoto's ghost, novice DrFE


Innate Abilities, Weirdness & Mutations

You have a pair of horns on your head.
You reflexively headbutt those who attack you in melee.


Message History

The killer bee buzzes angrily.
You hear an angry buzzing noise.
The killer bee buzzes angrily.
A troll comes into view.
The troll shouts!
Found a glaive.
Found a staircase to the Lair.
The troll bites you.
The troll claws you but does no damage. x2
You hit the troll. You drain the troll.
The troll is lightly wounded.
The troll barely misses you. The troll claws you but does no damage.
You block the troll's attack.
You slice the troll!! You drain the troll.
You kill the troll!
Trog accepts your kill.
No target in view!
No target in view!
Found an escape hatch in the floor.
n - 5 potions of haste (gained 1) 2 electric eels come into view.
The electric eel shoots out a bolt of lightning at you!
The bolt of electricity hits you.
The electric eel shoots out a bolt of lightning at you!
The bolt of electricity hits you!
An electric eel comes into view.
The electric eel shoots out a bolt of lightning at you!
The bolt of electricity hits you!
The electric eel shoots out a bolt of lightning at you!
The bolt of electricity hits you! x2
The electric eel shoots out a bolt of lightning at you!
The bolt of electricity hits you!
The electric eel shoots out a bolt of lightning at you!
The bolt of electricity hits you but does no damage.
The electric eel shoots out a bolt of lightning at you!
The bolt of electricity hits you!
* * * LOW HITPOINT WARNING * * *
The electric eel shoots out a bolt of lightning at you!
The bolt of electricity hits you!
* * * LOW HITPOINT WARNING * * *
The electric eel shoots out a bolt of lightning at you!
The bolt of electricity hits you!
You die...

#≈##≈≈######≈#≈ .
≈≈≈≈≈≈≈≈≈≈≈≈≈≈≈ ≈≈
≈≈≈≈≈≈≈≈≈≈≈≈≈≈≈≈
≈≈≈≈≈≈≈≈≈S≈≈≈≈≈≈≈≈≈≈
≈≈≈ ≈≈≈S≈≈≈~~~~S≈≈≈
S ≈≈ ≈≈≈≈~~...~≈#
≈≈~≈#~###~~~....≈#
≈≈~..............#
###..>###.@......#
+..............#
#........).....#
#.........######
.............#
.............###
.#..............
#>..........####
###.............


You could see 3 electric eels.

Vanquished Creatures
  A two-headed ogre (D:8)
  Pikel (D:9)
  A komodo dragon (D:10)
  An unseen horror (D:10)
  2 trolls
  2 wyverns
  Menkaure (D:6)
  An acid dragon (D:8)
  4 water moccasins
  6 orc warriors
  2 sky beasts
  A black bear (D:5)
  An ice beast (D:6)
  2 ogres
  The ghost of OlManJenkins the Magician, an amateur DjIE (D:3)
  3 lemures (D:9)
  4 kobold brigands
  A phantom (D:5)
  2 bullfrogs
  Blork the orc (D:4)
  3 scorpions
  4 wights (D:8)
  A howler monkey (D:4)
  3 jellies
  Crazy Yiuf (D:3)
  10 orc priests
  2 hounds
  7 iguanas
  9 orc wizards
  Natasha (D:4)
  15 adders
  2 river rats (Sewer)
  A shadow imp (D:6)
  2 white imps
  8 worms
  4 dart slugs
  49 orcs
  7 ball pythons
  9 endoplasms
  3 giant cockroaches
  6 goblins
  11 hobgoblins
  6 jackals (D:4)
  4 quokkas (D:3)
  3 bats
  7 frilled lizards
  17 kobolds
  10 rats
243 creatures vanquished.

Notes
Turn   | Place    | Note
-------+----------+-------------------------------------------
     0 | D:1      | Wiggles the Minotaur Berserker began the quest for the Orb.
     0 | D:1      | Reached XP level 1. HP: 19/19 MP: 0/0
    98 | D:1      | Reached skill level 4 in Axes
   205 | D:1      | Reached XP level 2. HP: 21/26 MP: 1/1
   439 | D:1      | Found a faded altar of an unknown god.
  1048 | D:2      | Reached skill level 5 in Axes
  1048 | D:2      | Reached XP level 3. HP: 23/31 MP: 2/2
  1157 | D:2      | Reached ** piety under Trog
  1931 | D:2      | Reached XP level 4. HP: 28/39 MP: 3/3
  1989 | D:2      | Reached skill level 1 in Shields
  2066 | D:3      | Found Boemewn's General Store.
  2116 | D:3      | Found a runed translucent door.
  2123 | D:3      | Noticed OlManJenkins's ghost (amateur DjIE)
  2192 | D:3      | Reached skill level 6 in Axes
  2330 | D:3      | Reached XP level 5. HP: 15/45 MP: 4/4
  2338 | D:3      | Reached skill level 7 in Axes
  2597 | D:3      | Found an ancient bone altar of Kikubaaqudgha.
  2623 | D:3      | Found a white marble altar of Elyvilon.
  2750 | D:3      | Found a snail-covered altar of Cheibriados.
  3026 | D:3      | Found a runed translucent door.
  3029 | D:3      | Noticed Crazy Yiuf
  3039 | D:3      | Killed Crazy Yiuf
  3105 | D:3      | Killed OlManJenkins's ghost
  3105 | D:3      | Reached *** piety under Trog
  3106 | D:3      | Reached skill level 8 in Axes
  3106 | D:3      | Reached XP level 6. HP: 31/51 MP: 5/5
  3334 | D:4      | Noticed Blork the orc
  3345 | D:4      | Killed Blork the orc
  3355 | D:4      | Reached skill level 9 in Axes
  3560 | D:4      | Noticed Natasha
  3569 | D:4      | Killed Natasha
  3657 | D:4      | Reached XP level 7. HP: 51/57 MP: 6/6
  4251 | D:5      | Entered Level 5 of the Dungeon
  4294 | D:5      | Reached skill level 10 in Axes
  4663 | D:5      | Found a staircase to the Ecumenical Temple.
  4671 | D:5      | Reached skill level 11 in Axes
  4744 | D:5      | Found Kefidig's Armour Emporium.
  4823 | D:5      | Reached XP level 8. HP: 50/64 MP: 7/7
  4950 | D:5      | Reached skill level 12 in Axes
  5179 | Temple   | Entered the Ecumenical Temple
  5372 | D:6      | Found a transporter.
  5372 | D:6      | Noticed Logoto's ghost (novice DrFE)
  5374 | D:6      | Reached **** piety under Trog
  5382 | D:6      | Found a transporter.
  5387 | D:6      | Found a glowing drain.
  5399 | Sewer    | Entered a sewer
  5950 | Sewer    | Reached skill level 13 in Axes
  6167 | D:6      | Identified the +0 ring mail of Derigh {*Slow rF+ rCorr}
  6170 | D:6      | Found a blossoming altar of Fedhas.
  6275 | D:6      | Noticed a troll
  6287 | D:6      | Killed a troll
  6506 | D:6      | Noticed Menkaure
  6510 | D:6      | Killed Menkaure
  6511 | D:6      | Reached skill level 14 in Axes
  6511 | D:6      | Reached XP level 9. HP: 70/70 MP: 8/8
  7431 | D:7      | Reached skill level 15 in Axes
  7580 | D:7      | You fall into a shaft and drop 2 floors!
  7691 | D:7      | Found a glowing silver altar of Zin.
  7691 | D:7      | Noticed an angel
  7764 | D:7      | Identified the +1 robe "Usunai" {Rampage Fly Str+4 Dex-5}
  8760 | D:7      | Identified 3 scrolls of acquirement
  8760 | D:7      | Acquired the ring of Noon {MP+9 Dex+3 Slay+4 SInv}
  8764 | D:7      | Acquired a manual of Axes
  8778 | D:7      | Acquired the amulet "Ciwnyixtau" {Reflect Str+3 SH+5}
  8900 | D:8      | Found Mikkuesm's Jewellery Boutique.
  8927 | D:8      | Found Akokighe's Distillery.
  8978 | D:8      | Bought a potion of heal wounds for 80 gold pieces
  8978 | D:8      | Bought a potion of heal wounds for 80 gold pieces
  8978 | D:8      | Bought a potion of heal wounds for 80 gold pieces
  8978 | D:8      | Bought a potion of heal wounds for 80 gold pieces
  8978 | D:8      | Bought a potion of heal wounds for 80 gold pieces
  9064 | D:8      | Reached skill level 16 in Axes
  9133 | D:8      | Reached skill level 17 in Axes
  9677 | D:9      | Found a bloodstained altar of Trog.
  9745 | D:9      | Found a sacrificial altar of Ru.
  9751 | D:9      | Found a basalt altar of Yredelemnul.
  9751 | D:9      | Found a shadowy altar of Dithmenos.
  9758 | D:9      | Found a hide-covered altar of Uskayaw.
  9759 | D:9      | Noticed Pikel
  9771 | D:9      | Killed Pikel
  9772 | D:9      | Reached skill level 18 in Axes
  9772 | D:9      | Reached XP level 10. HP: 51/77 MP: 9/9
  9920 | D:9      | Noticed a two-headed ogre
  9938 | D:8      | Killed a two-headed ogre
  9939 | D:8      | Reached skill level 19 in Axes
 10050 | D:9      | Reached skill level 20 in Axes
 10058 | D:9      | Reached ***** piety under Trog
 10142 | D:9      | Found a staircase to the Orcish Mines.
 10203 | D:9      | Found a shimmering altar of Xom.
 10302 | D:9      | Found a burning altar of Makhleb.
 10420 | Orc:1    | Entered Level 1 of the Orcish Mines
 10449 | D:10     | Entered Level 10 of the Dungeon
 10549 | D:10     | Reached skill level 21 in Axes
 10861 | D:10     | Found a staircase to the Lair.
 10882 | D:10     | Killed from afar by an electric eel

Illustrated notes

Levels and vault maps discovered:
D:1:      dpeg_arrival_three_same_balls, layout_loops_ring,
          shapermc_ecumenical_altar_gd
D:2:      layout_loops_ring, serial_co_window_serial, co_window_corner_a,
          co_window_paths_a, co_window_paths_b, co_window_paths_a,
          co_window_of_opportunity_a, co_window_broadway_c,
          co_window_broadway_a, co_window_corner_b, co_window_2corner,
          co_window_4corner_b, glass_columns_a, glass_columns_b,
          glass_columns_a, glass_columns_b, minmay_octomino_c4
D:3:      layout_loops_cross, lemuel_crystal_altar,
          mainiacjoe_overflow_two_lobes, ebering_ghost_sewer_d, serial_shops,
          shop, roderic_cross_of_infinity, uniq_crazy_yiuf_cottage
D:4:      layout_loops_ring, patterned_corridor, uniq_natasha,
          uniq_blork_the_orc
D:5:      layout_gridville, minmay_temple_entry_offerings,
          kennysheep_windowed_goal
D:6:      layout_loops_corners, fedhas_altar_2, gammafunk_ghost_arena,
          cheibrodos_sewer_entry_sluice, uniq_menkaure
D:7:      layout_layer_cave, zin_angel
D:8:      layout_loops_cross, serial_shops, nicolae_shop_industrial_runoff,
          minmay_shop_enchanted_jewellery, supply_closet_lemuel
D:9:      layout_cave_pools, xom_teletrap_fun,
          nicolae_overflow_hallway_of_the_gods, mainiacjoe_overflow_alcove_1,
          david_orc_5, uniq_pikel
D:10:     layout_basic, mainiacjoe_overflow_concentric_impassable,
          lair_entry_dummy, enter_trove_6, gammafunk_ghost_hive,
          corexii_hall_statues_i
Temple:   kb_corrupted_temple
Orc:1:    layout_diamond_mine, serial_shops, shop, uniq_nergalle

Skill      XL: |  1  2  3  4  5  6  7  8  9 10 |
---------------+-------------------------------+-----
Axes           | 4 5 6 8 9 11 14 18 21 | 21.4
Shields        | 1 |  1.3
Fighting       | |  3.6
Armour         | |  2.4
Dodging        | |  2.1
Stealth        | |  0.6

Action                     |  1- 3 |  4- 6 |  7- 9 | 10-12 || total
---------------------------+-------+-------+-------+-------++-------
  Melee: Hand axe          |    93 |   116 |       |       ||   209
         Headbutt          |    17 |    21 |    36 |     4 ||    78
         War axe           |       |    25 |   317 |       ||   342
         Battleaxe         |       |       |    11 |    44 ||    55
 Invoke: Berserk           |       |     2 |     3 |     1 ||     6
    Use: Scroll            |       |       |    28 |       ||    28
   Stab: Sleeping          |     3 |       |       |       ||     3
 Armour: Animal skin       |    10 |     7 |       |       ||    17
         Leather armour    |       |     5 |       |       ||     5
         Chain mail        |       |    35 |    76 |       ||   111
         Plate armour      |       |       |    26 |    23 ||    49
  Dodge: Dodged            |    44 |    54 |    68 |    18 ||   184
  Block: Buckler           |     1 |    20 |       |       ||    21
         Tower shield      |       |     6 |   146 |       ||   152
         Other             |       |       |     1 |    18 ||    19
